 Dungeon Crawl Stone Soup version 0.25-a0-292-gaa31f046c4 (webtiles) character file.

Game seed: 8884120212299598197, levelgen mode: deterministic

60 Glalom the Sneak (level 4, -5/23 HPs)
             Began as a Vine Stalker Assassin on Dec 15, 2019.
             Killed by divine providence
             ... invoked by an orc priest
              (11 damage)
             ... on level 3 of the Dungeon.
             The game lasted 00:03:56 (1928 turns).

Glalom the Sneak (Vine Stalker Assassin)            Turns: 1928, Time: 00:03:57

Health: -5/23      AC:  3    Str: 13    XL:     4   Next: 4%
Magic:  0/5        EV: 11    Int: 11    God:
Gold:   134        SH:  0    Dex: 17    Spells: 3/3 levels left

rFire    . . .     SeeInvis .   a - +2 dagger
rCold    . . .     Gourm    +   (no shield)
rNeg     . . .     Faith    .   b - +0 robe
rPois    .         Spirit   +   (no helmet)
rElec    .         Reflect  .   c - +0 cloak
rCorr    .         Harm     .   (no gloves)
MR       .....                  (no boots)
Stlth    +++.......             t - amulet of the gourmand
HPRegen  0.47/turn              (no ring)
MPRegen  0.09/turn              (no ring)

@: no status effects
A: fangs 2, regeneration 1, magic shield, antimagic bite, no potion heal 3, rot
immunity
a: no special abilities


You were on level 3 of the Dungeon.
You were not hungry.

You visited 1 branch of the dungeon, and saw 3 of its levels.

You collected 134 gold pieces.

Inventory:

Hand Weapons
 a - a +2 dagger (weapon)
Missiles
 d - 8 poisoned darts (quivered)
 e - 2 curare-tipped darts
Armour
 b - a +0 robe (worn)
 c - a +0 cloak (worn)
Jewellery
 k - an uncursed ring of fire
 t - an amulet of the gourmand (around neck)
Scrolls
 h - a scroll of magic mapping {unknown}
 i - 2 scrolls of identify
 j - 2 scrolls of remove curse {unknown}
 l - a scroll of random uselessness {unknown}
 m - 3 scrolls of teleportation {unknown}
 p - a scroll of enchant armour {unknown}
 q - a scroll of blinking {unknown}
Potions
 g - a potion of brilliance {unknown}
 n - a potion of haste {unknown}
 o - a potion of mutation {unknown}
Comestibles
 f - 4 rations


   Skills:
 - Level 1.7 Fighting
 + Level 2.9 Short Blades
 - Level 1.7 Throwing
 - Level 0.7 Dodging
 + Level 6.0 Stealth


You had 3 spell levels left.
You didn't know any spells.
Your spell library was empty.

Dungeon Overview and Level Annotations

Branches:
Dungeon (3/15)

Altars:
Kikubaaqudgha


Innate Abilities, Weirdness & Mutations

You have extremely sharp teeth.
Your natural rate of healing is unusually fast.
When hurt, damage is shared between your health and your magic reserves.
Your bite disrupts and absorbs the magic of your enemies.
Potions cannot restore your health.
You are immune to rotting.


Message History

The orc priest invokes the aid of Beogh against you.
Pain shoots through your body!
* * * LOW HITPOINT WARNING * * *
Found a club.
You are now empty-handed.
All of the chunks of flesh in your inventory have rotted away.
You see here a club.
a - a +2 dagger (weapon)
You hit the hobgoblin but do no damage. The hobgoblin closely misses you.
The orc priest mumbles some strange prayers to Beogh against you.
Beogh smites you!
Ouch! That really hurt!
* * * LOW HITPOINT WARNING * * *
You hit the hobgoblin but do no damage.
The hobgoblin hits you but does no damage.
You hit the hobgoblin but do no damage. The hobgoblin hits you.
* * * LOW HITPOINT WARNING * * *
The orc priest invokes the aid of Beogh against you.
Beogh smites you!
You die...

.# #....o....#.# .#
#..######.#.###### .#
#..######.#...)o.#
.###.......#....###.#
..###.####.####.# #.#
..# #.# #.####o# #o# #
#.###.# #..".#.# #.#.#
#...#.# ##...#g###...#
##..#.# #...†#.@.....#
#...#.####....#######.#
#.#.#.........# .#
#......####...# .#
###....# #...# # #....#
#...# ##..## #...# ...#
#...# ....# #....


You could see an orc priest and a hobgoblin.

Vanquished Creatures
  An adder skeleton (D:2)
  6 dart slugs
  2 leopard geckos (D:2)
  3 bats
  5 giant cockroaches
  3 goblins
  5 hobgoblins
  5 jackals (D:3)
  4 kobolds
  3 frilled lizards
  2 rats (D:2)
39 creatures vanquished.

Vanquished Creatures (others)
  A kobold (D:1)
1 creature vanquished.

Grand Total: 40 creatures vanquished

Notes
Turn   | Place    | Note
-------+----------+-------------------------------------------
     0 | D:1      | Glalom the Vine Stalker Assassin began the quest for the
                  | Orb.
     0 | D:1      | Reached XP level 1. HP: 11/11 MP: 2/2
   147 | D:1      | Reached skill level 5 in Stealth
   170 | D:1      | Reached XP level 2. HP: 15/15 MP: 3/3
  1065 | D:2      | Reached XP level 3. HP: 18/18 MP: 4/4
  1648 | D:2      | Found an ancient bone altar of Kikubaaqudgha.
  1872 | D:3      | Gained mutation: Your natural rate of healing is unusually
                  | fast. [Vine Stalker growth]
  1872 | D:3      | Reached XP level 4. HP: 23/23 MP: 5/5
  1879 | D:3      | Reached skill level 6 in Stealth
  1928 | D:3      | Killed from afar by an orc priest

Levels and vault maps discovered:
D:1:      tarquinn_simple_flora_water_f, layout_loops_corners
D:2:      layout_loops_ring, nicolae_overflow_hidden_temple
D:3:      layout_basic, feat_on_display

Skill      XL: |  1  2  3  4 |
---------------+-------------+-----
Short Blades   | 2 |  2.9
Stealth        | 5 6 |  6.0
Fighting       | |  1.7
Throwing       | |  1.7
Dodging        | |  0.7

Action                   |  1- 3 |  4- 6 || total
-------------------------+-------+-------++-------
Melee: Dagger            |    84 |    11 ||    95
       Bite              |    20 |     3 ||    23
  Use: Scroll            |     3 |       ||     3
 Stab: Sleeping          |    14 |       ||    14
       Distracted        |     1 |       ||     1
  Eat: Chunk             |     3 |       ||     3
Armor: Robe              |    18 |     3 ||    21
Dodge: Dodged            |    35 |     5 ||    40

Table legend:
 A = Non-vault XP
 B = Vault XP
 C = Vault XP percentage of total XP
 D = Non-vault monster count
 E = Vault monster count
 F = Vault count percentage of total count
                 A         B        C        D         E       F
            +---------+---------+-------+---------+---------+-------
      Total |      86 |       0 |   0.0 |      39 |       0 |   0.0
            +---------+---------+-------+---------+---------+-------
        D:1 |      31 |       0 |   0.0 |      13 |       0 |   0.0
        D:2 |      41 |       0 |   0.0 |      19 |       0 |   0.0
        D:3 |      14 |       0 |   0.0 |       7 |       0 |   0.0
            +---------+---------+-------+---------+---------+-------
